 Dungeon Crawl Stone Soup version 0.31.0-32-g396128a36d (webtiles) character file.

Game seed: 4078579205592830320

63 unglucky the Trooper (level 3, -5/33 HPs)
             Began as a Draconian Berserker on Apr 12, 2024.
             Was a Believer of Trog.
             Killed from afar by an orc wizard (7 damage)
             ... with a magic dart
             ... on level 3 of the Dungeon.
             The game lasted 00:17:12 (2638 turns).

unglucky the Trooper (Draconian Berserker)          Turns: 2638, Time: 00:17:16

Health: -5/33      AC:  5    Str: 25    XL:     3   Next: 87%
Magic:  3/3        EV: 12    Int:  7    God:    Trog [**....]
Gold:   76         SH:  0    Dex: 12    Spells: 2/2 levels left

rFire   . . .        a - +0 spear
rCold   . . .        (no shield)
rNeg    . . .        (body armour unavailable)
rPois   .            (helmet restricted)
rElec   .            (no cloak)
rCorr   .            (no gloves)
SInv    .            (no boots)
Will    .....        (no amulet)
Stlth   +            j - +6 ring of strength
HPRegen 0.25/turn    (no ring)
MPRegen 0.08/turn

%: no passive effects
@: confused, mighty
A: AC +5, unfitting armour, cold-blooded
a: Renounce Religion, Berserk, Trog's Hand


You were on level 3 of the Dungeon.
You worshipped Trog.
Trog was pleased with you.
You visited 1 branch of the dungeon, and saw 3 of its levels.

You collected 76 gold pieces.

Inventory:

Hand Weapons
 a - a +0 spear (weapon)
 b - a +0 spear
Missiles
 f - 2 poisoned darts (quivered)
Jewellery
 j - a +6 ring of strength (left hand)


   Skills:
 + Level 4.2 Fighting
 + Level 3.8 Polearms
 + Level 3.1 Dodging
 - Level 0.1 Stealth


You had 2 spell levels left.
You didn't know any spells.
Your spell library was empty.

Dungeon Overview and Level Annotations

Branches:
Dungeon (3/15)

Altars:


Innate Abilities, Weirdness & Mutations

Your plain brown scales are hard. (AC +5)
You cannot fit into any form of body armour.
You are cold-blooded and may be slowed by cold attacks.


Message History

The orc wizard casts a spell at you.
The puff of flame hits you but does no damage.
You bump into the rock wall.
The orc wizard gestures at you while chanting.
You are more confused.
You miss the orc wizard.
The orc wizard is almost dead.
The orc wizard hits you with a +0 dagger.
You bump into the rock wall.
The orc wizard casts a spell at you.
You are more confused.
You bump into the rock wall.
The orc wizard hits you but does no damage.
You miss the orc wizard.
Your tail-slap misses the orc wizard.
The orc wizard is almost dead.
The orc wizard gestures at you while chanting.
The puff of flame hits you!
* * * LOW HITPOINT WARNING * * *
You miss the orc wizard.
Your tail-slap misses the orc wizard.
The orc wizard is almost dead.
The orc wizard barely misses you.
You feel very mighty all of a sudden.
The orc wizard gestures at you while chanting.
The magic dart hits you.
* * * LOW HITPOINT WARNING * * *
You bump into the rock wall.
The orc wizard hits you but does no damage.
You miss the orc wizard.
Your tail-slap misses the orc wizard.
The orc wizard is almost dead.
The orc wizard points at you and mumbles some strange words.
You are more confused.
You are too injured to fight recklessly!
The orc wizard closely misses you.
You puncture the orc wizard!
You kill the orc wizard!
Trog accepts your kill.
Trog appreciates your killing of a magic user.
The orc wizard casts a spell at you. The magic dart hits you!
You die...

#.....<.!# #...####'#....
#........# #...# #.#....
#........# #...# #.#####
#........# #...# #.#
##........# #...# #.#
...>.oo...# #...# #.#
....##'#### #...# #.#####
...
#.#############...####......
#
#.).....oo)@....).'.........
##############....##########
############ #.#.## #..
#......#...# #.#'####.# ##
#......#.#.# #.....##.####..
#........#.# #.....##.#.....
#......###.# #.....##.#.....
#......# #.# #.#+####'#.....
#......###.####.#.#
#.<......


You could see an orc wizard and an orc.

Vanquished Creatures
  An orc wizard (D:3)
  An adder (D:2)
  A dart slug (D:1)
  An orc (D:3)
  5 bats
  11 endoplasms
  4 hobgoblins (D:1)
  2 jackals (D:1)
  2 kobolds (D:1)
  4 quokkas (D:1)
  2 ball pythons (D:1)
  3 frilled lizards (D:1)
  3 goblins
  4 rats
44 creatures vanquished.

Notes
Turn   | Place    | Note
-------+----------+-------------------------------------------
     0 | D:1      | unglucky the Draconian Berserker began the quest for the
                  | Orb.
     0 | D:1      | Reached XP level 1. HP: 19/19 MP: 1/1
   133 | D:1      | Reached XP level 2. HP: 20/26 MP: 2/2
   475 | D:1      | Reached ** piety under Trog
   612 | D:1      | Reached XP level 3. HP: 33/33 MP: 3/3
   618 | D:1      | Reached skill level 4 in Fighting
  2633 | D:3      | HP: 1/33 [orc wizard/magic dart (6)]
  2638 | D:3      | Killed from afar by an orc wizard

Illustrated notes

Levels and vault maps discovered:
D:1:      heliophobic_arrival_battle_scene, layout_basic,
          chequers_decorated_corner
D:2:      layout_basic
D:3:      layout_basic, gup_sewer_entry_bowl, grunt_ministairs_7

Skill      XL: |  1  2  3 |
---------------+----------+-----
Dodging        | 3 |  3.1
Fighting       | 4 |  4.2
Polearms       | |  3.8
Stealth        | |  0.1

Action                     || total
---------------------------++-------
  Melee: Spear             ||   178
         Tailslap          ||    12
         Punch             ||     2
    Use: Scroll            ||     6
         Potion            ||     3
   Stab: Sleeping          ||     3
 Armour: Skin              ||    78
  Dodge: Dodged            ||    70
